[ AOE2 MATCH · #504639457 ]
UnrankedCumans vs Vietnamese
[ REPLAY ANALYSIS · EXTRACTED FROM THE RECORDED GAME ]
Feudal
12:48
Castle
27:07
Imperial
—
| APM avg | 34.8 |
| APM peak | 77 |
| eAPM avg | 19.9 |
| Villagers / military | 82 / 41 |
Focus
⚔️ 26.0% · 🌾 74.0%
Steppe Lancer ×29 · Battering Ram ×6 · Militia ×4 · Scout Cavalry ×2
Feudal
14:31
Castle
—
Imperial
—
| APM avg | 36.5 |
| APM peak | 84 |
| eAPM avg | 16.4 |
| Villagers / military | 55 / 67 |
Focus
⚔️ 26.8% · 🌾 73.2%
Skirmisher ×60 · Archer ×7
Feudal
14:53
Castle
18:48
Imperial
—
| APM avg | 42.3 |
| APM peak | 91 |
| eAPM avg | 24.4 |
| Villagers / military | 72 / 39 |
Focus
⚔️ 14.8% · 🌾 85.2%
Monaspa ×39
Feudal
12:34
Castle
24:58
Imperial
—
| APM avg | 31.3 |
| APM peak | 75 |
| eAPM avg | 14.2 |
| Villagers / military | 57 / 74 |
Focus
⚔️ 37.1% · 🌾 62.9%
Archer ×71 · Battering Ram ×3
Match map
Initial resources + every placement click. Lines = walls · curves = elevation contours. ◆ gold · ⬟ stone · ● berries · ✦ relic · ◌ wall gap
Your base· ✓ Closed at 27:07 · 43t walls · no gate
Ux'RaulitoMD's base· Open — unwalled flank
Ux'RaúlME's base· Open — 15t gap
AcousticBook4's base· ✓ Closed at 24:58 · 20t walls · 1 gate(s)
Smoothed initial terrain · ◌ = detected wall gap · hover for details
Inputs per minute
— TicketedZero13 - - Ux'RaulitoMD
Build order — TicketedZero13
First 150 of 231 actions detected
| 0:18 | Build | Town Center |
| 0:39 | Build | House |
| 1:06 | Build | House |
| 1:55 | Build | Mill |
| 2:27 | Queue | Villager (Male) |
| 2:27 | Queue | Villager (Male) |
| 2:27 | Queue | Villager (Male) |
| 2:28 | Queue | Villager (Male) |
| 2:28 | Queue | Villager (Male) |
| 3:55 | Research | Loom |
| 4:34 | Queue | Villager (Male) |
| 5:11 | Queue | Villager (Male) |
| 6:02 | Queue | Villager (Male) |
| 6:03 | Queue | Villager (Male) |
| 6:03 | Queue | Villager (Male) |
| 6:03 | Queue | Villager (Male) |
| 6:03 | Queue | Villager (Male) |
| 6:27 | Queue | Villager (Male) |
| 6:55 | Queue | Villager (Male) |
| 6:55 | Queue | Villager (Male) |
| 6:59 | Build | Mill |
| 7:33 | Queue | Villager (Male) |
| 7:39 | Build | House |
| 7:48 | Queue | Villager (Male) |
| 8:13 | Build | House |
| 8:28 | Build | House |
| 8:31 | Queue | Villager (Male) |
| 8:57 | Build | Lumber Camp |
| 9:03 | Queue | Villager (Male) |
| 9:25 | Build | House |
| 9:35 | Queue | Villager (Male) |
| 9:48 | Queue | Villager (Male) |
| 10:00 | Build | House |
| 10:38 | Research | Feudal Age |
| 10:46 | Build | Barracks |
| 11:45 | Queue | Militia |
| 11:45 | Queue | Militia |
| 11:45 | Queue | Militia |
| 12:00 | Queue | Villager (Male) |
| 12:22 | Build | House |
| 12:28 | Build | Palisade Wall |
| 12:34 | Build | Palisade Wall |
| 12:39 | Build | Palisade Wall |
| 12:44 | Build | Palisade Wall |
| 12:48 | Age | Feudal Age |
| 12:50 | Queue | Militia |
| 12:56 | Queue | Villager (Male) |
| 13:08 | Build | Town Center |
| 13:21 | Build | House |
| 13:28 | Queue | Villager (Male) |
| 13:41 | Queue | Villager (Male) |
| 13:55 | Queue | Villager (Male) |
| 14:35 | Build | Watch Tower |
| 14:41 | Queue | Villager (Male) |
| 14:42 | Queue | Villager (Male) |
| 14:46 | Research | Double-Bit Axe |
| 15:18 | Queue | Villager (Male) |
| 15:20 | Queue | Villager (Male) |
| 15:20 | Queue | Villager (Male) |
| 15:22 | Build | Farm |
| 15:22 | Build | Farm |
| 15:23 | Build | Farm |
| 15:45 | Queue | Villager (Male) |
| 15:58 | Queue | Villager (Male) |
| 15:58 | Queue | Villager (Male) |
| 16:03 | Build | Farm |
| 16:35 | Build | Farm |
| 16:36 | Build | Farm |
| 16:37 | Build | Farm |
| 16:43 | Build | Stable |
| 16:47 | Queue | Villager (Male) |
| 17:05 | Build | Palisade Wall |
| 17:08 | Build | Palisade Wall |
| 17:09 | Queue | Villager (Male) |
| 17:13 | Build | Farm |
| 17:14 | Build | Farm |
| 17:14 | Build | Farm |
| 17:18 | Queue | Villager (Male) |
| 17:18 | Queue | Villager (Male) |
| 17:44 | Build | Watch Tower |
| 17:52 | Build | Farm |
| 17:52 | Queue | Villager (Male) |
| 17:53 | Queue | Villager (Male) |
| 17:54 | Queue | Villager (Male) |
| 18:14 | Build | Palisade Wall |
| 18:17 | Queue | Scout Cavalry |
| 18:18 | Queue | Villager (Male) |
| 18:20 | Queue | Villager (Male) |
| 18:23 | Build | Farm |
| 18:27 | Build | Farm |
| 18:31 | Queue | Villager (Male) |
| 18:41 | Build | House |
| 18:44 | Queue | Villager (Male) |
| 18:50 | Build | Farm |
| 18:52 | Queue | Villager (Male) |
| 18:56 | Queue | Scout Cavalry |
| 19:13 | Build | Farm |
| 19:13 | Build | Farm |
| 19:13 | Build | Farm |
| 19:14 | Build | Farm |
| 19:14 | Build | Farm |
| 19:14 | Build | Farm |
| 19:14 | Build | Farm |
| 19:19 | Build | House |
| 19:22 | Build | Palisade Wall |
| 19:25 | Build | Palisade Wall |
| 19:27 | Queue | Villager (Male) |
| 19:36 | Build | Palisade Wall |
| 19:42 | Build | Palisade Wall |
| 20:04 | Build | Palisade Wall |
| 20:06 | Queue | Villager (Male) |
| 20:08 | Queue | Villager (Male) |
| 20:10 | Queue | Villager (Male) |
| 20:22 | Queue | Villager (Male) |
| 20:24 | Queue | Villager (Male) |
| 20:24 | Queue | Villager (Male) |
| 20:27 | Research | Horse Collar |
| 20:33 | Build | Stable |
| 20:40 | Build | House |
| 20:42 | Build | House |
| 20:53 | Build | Blacksmith |
| 20:54 | Queue | Villager (Male) |
| 21:01 | Queue | Villager (Male) |
| 21:14 | Build | House |
| 21:16 | Build | House |
| 21:22 | Queue | Villager (Male) |
| 21:24 | Queue | Villager (Male) |
| 21:27 | Build | Farm |
| 21:27 | Build | Farm |
| 21:27 | Build | Farm |
| 21:27 | Build | Farm |
| 21:28 | Build | Farm |
| 21:29 | Queue | Villager (Male) |
| 21:32 | Queue | Villager (Male) |
| 21:32 | Queue | Villager (Male) |
| 21:52 | Build | House |
| 21:53 | Build | House |
| 21:56 | Build | House |
| 22:21 | Build | House |
| 22:25 | Build | Market |
| 22:29 | Build | Farm |
| 22:29 | Queue | Villager (Male) |
| 22:42 | Build | Siege Workshop |
| 22:46 | Build | House |
| 22:47 | Queue | Villager (Male) |
| 22:51 | Queue | Villager (Male) |
| 22:52 | Queue | Villager (Male) |
| 22:56 | Build | Farm |
| 22:57 | Build | Farm |
| 22:57 | Build | Farm |
Build order — Ux'RaulitoMD
114 actions detected in the replay
| 0:31 | Build | Town Center |
| 2:00 | Build | House |
| 2:08 | Build | House |
| 2:09 | Build | House |
| 2:11 | Build | House |
| 2:39 | Queue | Villager (Male) |
| 2:40 | Queue | Villager (Male) |
| 2:40 | Queue | Villager (Male) |
| 2:40 | Queue | Villager (Male) |
| 2:41 | Queue | Villager (Male) |
| 3:36 | Research | Loom |
| 3:37 | Queue | Villager (Male) |
| 3:37 | Queue | Villager (Male) |
| 4:10 | Queue | Villager (Male) |
| 4:48 | Queue | Villager (Male) |
| 4:49 | Queue | Villager (Male) |
| 4:49 | Queue | Villager (Male) |
| 5:09 | Queue | Villager (Male) |
| 5:24 | Build | Lumber Camp |
| 5:32 | Queue | Villager (Male) |
| 6:15 | Queue | Villager (Male) |
| 7:10 | Queue | Villager (Male) |
| 7:11 | Queue | Villager (Male) |
| 7:11 | Queue | Villager (Male) |
| 7:44 | Queue | Villager (Male) |
| 8:07 | Queue | Villager (Male) |
| 8:07 | Queue | Villager (Male) |
| 9:03 | Build | Mill |
| 9:10 | Queue | Villager (Male) |
| 9:46 | Queue | Villager (Male) |
| 9:46 | Queue | Villager (Male) |
| 9:46 | Queue | Villager (Male) |
| 10:46 | Queue | Villager (Male) |
| 10:54 | Build | House |
| 11:22 | Queue | Villager (Male) |
| 11:32 | Build | Mining Camp |
| 11:56 | Queue | Villager (Male) |
| 12:06 | Research | Feudal Age |
| 12:34 | Build | Barracks |
| 13:25 | Queue | Villager (Male) |
| 14:09 | Build | Mining Camp |
| 14:31 | Age | Feudal Age |
| 14:40 | Queue | Villager (Male) |
| 14:40 | Queue | Villager (Male) |
| 15:17 | Build | Archery Range |
| 15:27 | Queue | Villager (Male) |
| 15:28 | Queue | Villager (Male) |
| 15:51 | Build | Watch Tower |
| 16:03 | Queue | Archer ×3 |
| 16:16 | Build | House |
| 16:26 | Research | Town Watch |
| 16:27 | Queue | Villager (Male) |
| 16:27 | Queue | Villager (Male) |
| 16:38 | Build | House |
| 16:39 | Build | House |
| 17:17 | Queue | Archer ×4 |
| 17:24 | Research | Double-Bit Axe |
| 18:04 | Queue | Skirmisher ×5 |
| 18:04 | Queue | Skirmisher ×5 |
| 18:44 | Queue | Villager (Male) |
| 18:44 | Queue | Villager (Male) |
| 18:44 | Queue | Villager (Male) |
| 19:01 | Build | Watch Tower |
| 19:33 | Build | Blacksmith |
| 20:00 | Queue | Villager (Male) |
| 20:00 | Queue | Villager (Male) |
| 20:00 | Queue | Villager (Male) |
| 20:01 | Queue | Villager (Male) |
| 20:33 | Research | Fletching |
| 20:39 | Queue | Skirmisher ×2 |
| 21:12 | Build | Market |
| 21:22 | Build | Watch Tower |
| 21:50 | Queue | Skirmisher ×5 |
| 21:50 | Queue | Skirmisher ×5 |
| 21:51 | Queue | Skirmisher ×5 |
| 21:51 | Queue | Skirmisher ×2 |
| 22:34 | Build | Mill |
| 22:51 | Queue | Villager (Male) |
| 22:52 | Queue | Villager (Male) |
| 22:52 | Queue | Villager (Male) |
| 22:52 | Queue | Villager (Male) |
| 23:39 | Build | House |
| 23:40 | Build | House |
| 23:41 | Build | House |
| 23:41 | Build | House |
| 23:42 | Build | House |
| 23:43 | Build | House |
| 23:43 | Build | House |
| 23:44 | Build | House |
| 23:50 | Build | Archery Range |
| 24:06 | Research | Wheelbarrow |
| 24:36 | Build | Mill |
| 25:00 | Queue | Villager (Male) |
| 25:00 | Queue | Villager (Male) |
| 25:01 | Queue | Villager (Male) |
| 25:01 | Queue | Villager (Male) |
| 25:41 | Build | Farm |
| 25:49 | Build | Farm |
| 25:51 | Build | Farm |
| 25:56 | Build | Farm |
| 26:13 | Queue | Skirmisher ×5 |
| 26:13 | Queue | Skirmisher ×5 |
| 26:13 | Queue | Skirmisher ×3 |
| 26:13 | Queue | Skirmisher ×3 |
| 26:56 | Queue | Skirmisher ×5 |
| 26:56 | Queue | Skirmisher ×5 |
| 26:57 | Queue | Skirmisher ×5 |
| 27:18 | Queue | Villager (Male) |
| 27:18 | Queue | Villager (Male) |
| 27:18 | Queue | Villager (Male) |
| 28:05 | Queue | Villager (Male) |
| 28:06 | Queue | Villager (Male) |
| 28:06 | Queue | Villager (Male) |
| 29:05 | Build | Mill |
Build order — Ux'RaúlME
150 actions detected in the replay
| 1:11 | Build | Town Center |
| 2:14 | Build | House |
| 2:16 | Build | House |
| 2:55 | Queue | Villager (Male) |
| 2:55 | Queue | Villager (Male) |
| 2:56 | Queue | Villager (Male) |
| 2:56 | Queue | Villager (Male) |
| 2:56 | Queue | Villager (Male) |
| 4:36 | Queue | Villager (Male) |
| 4:37 | Queue | Villager (Male) |
| 4:37 | Queue | Villager (Male) |
| 4:41 | Build | House |
| 4:59 | Queue | Villager (Male) |
| 4:59 | Queue | Villager (Male) |
| 5:39 | Queue | Villager (Male) |
| 6:09 | Queue | Villager (Male) |
| 6:09 | Queue | Villager (Male) |
| 6:19 | Queue | Villager (Male) |
| 6:21 | Queue | Villager (Male) |
| 6:33 | Queue | Villager (Male) |
| 7:30 | Queue | Villager (Male) |
| 7:30 | Queue | Villager (Male) |
| 7:31 | Queue | Villager (Male) |
| 7:35 | Build | Mill |
| 8:04 | Build | Mule Cart |
| 8:16 | Build | House |
| 8:19 | Build | House |
| 8:36 | Queue | Villager (Male) |
| 8:51 | Research | Loom |
| 8:57 | Queue | Villager (Male) |
| 9:20 | Build | House |
| 9:24 | Build | House |
| 9:30 | Build | House |
| 9:38 | Build | House |
| 9:48 | Queue | Villager (Male) |
| 9:48 | Queue | Villager (Male) |
| 9:48 | Queue | Villager (Male) |
| 10:21 | Queue | Villager (Male) |
| 11:02 | Queue | Villager (Male) |
| 11:35 | Queue | Villager (Male) |
| 11:54 | Research | Feudal Age |
| 12:14 | Queue | Villager (Male) |
| 12:15 | Research | Feudal Age |
| 13:43 | Build | Mule Cart |
| 13:52 | Queue | Villager (Male) |
| 13:52 | Queue | Villager (Male) |
| 14:45 | Build | House |
| 14:53 | Age | Feudal Age |
| 14:56 | Build | Market |
| 15:00 | Build | Blacksmith |
| 15:12 | Build | Mule Cart |
| 15:43 | Queue | Villager (Male) |
| 15:49 | Build | Mule Cart |
| 16:01 | Research | Castle Age |
| 16:02 | Research | Castle Age |
| 16:07 | Build | Barracks |
| 16:46 | Research | Scale Barding Armor |
| 16:46 | Research | Forging |
| 16:47 | Research | Forging |
| 17:19 | Build | Stable |
| 17:36 | Research | Double-Bit Axe |
| 18:18 | Research | Bloodlines |
| 18:48 | Age | Castle Age |
| 18:50 | Build | Castle |
| 19:01 | Queue | Villager (Male) |
| 19:01 | Queue | Villager (Male) |
| 19:35 | Build | Town Center |
| 19:44 | Research | Husbandry |
| 19:45 | Research | Husbandry |
| 19:56 | Queue | Villager (Male) |
| 19:56 | Queue | Villager (Male) |
| 20:20 | Queue | Monaspa |
| 20:20 | Queue | Monaspa |
| 20:44 | Queue | Monaspa |
| 20:44 | Queue | Monaspa |
| 20:47 | Queue | Villager (Male) |
| 20:47 | Queue | Villager (Male) |
| 20:47 | Queue | Villager (Male) |
| 21:17 | Queue | Villager (Male) |
| 21:17 | Queue | Villager (Male) |
| 21:25 | Queue | Villager (Male) |
| 21:31 | Queue | Villager (Male) |
| 21:47 | Queue | Monaspa |
| 21:47 | Queue | Monaspa |
| 21:49 | Queue | Monaspa |
| 22:31 | Queue | Monaspa |
| 22:31 | Queue | Monaspa |
| 22:31 | Queue | Monaspa |
| 22:31 | Queue | Monaspa |
| 23:11 | Queue | Monaspa |
| 23:11 | Queue | Monaspa |
| 23:12 | Queue | Monaspa |
| 23:12 | Queue | Villager (Male) |
| 23:17 | Queue | Villager (Male) |
| 23:17 | Queue | Villager (Male) |
| 23:24 | Build | Town Center |
| 23:34 | Queue | Villager (Male) |
| 23:34 | Queue | Villager (Male) |
| 24:14 | Queue | Villager (Male) |
| 24:15 | Queue | Villager (Male) |
| 24:25 | Research | Chain Barding Armor |
| 24:34 | Queue | Villager (Male) |
| 24:34 | Queue | Villager (Male) |
| 25:02 | Queue | Monaspa ×2 |
| 25:02 | Queue | Monaspa ×2 |
| 25:23 | Queue | Villager (Male) |
| 25:41 | Build | Farm |
| 25:41 | Build | Farm |
| 25:41 | Build | Farm |
| 25:41 | Build | Farm |
| 25:45 | Queue | Villager (Male) |
| 25:56 | Queue | Monaspa |
| 26:16 | Queue | Villager (Male) |
| 26:16 | Queue | Villager (Male) |
| 26:20 | Build | Farm |
| 26:20 | Build | Farm |
| 26:21 | Build | Farm |
| 26:21 | Build | Farm |
| 26:39 | Queue | Monaspa ×2 |
| 26:39 | Queue | Monaspa ×2 |
| 26:46 | Queue | Monaspa |
| 26:46 | Queue | Monaspa |
| 27:11 | Queue | Villager (Male) |
| 27:12 | Queue | Villager (Male) |
| 27:24 | Queue | Villager (Male) |
| 27:24 | Queue | Villager (Male) |
| 27:24 | Queue | Villager (Male) |
| 27:34 | Queue | Villager (Male) |
| 27:34 | Queue | Villager (Male) |
| 27:38 | Build | Farm |
| 27:45 | Research | Horse Collar |
| 27:45 | Research | Horse Collar |
| 27:48 | Queue | Villager (Male) |
| 28:08 | Queue | Monaspa ×3 |
| 28:09 | Queue | Monaspa ×3 |
| 28:16 | Queue | Monaspa |
| 28:17 | Queue | Monaspa |
| 28:23 | Queue | Monaspa |
| 28:23 | Queue | Monaspa |
| 28:33 | Queue | Villager (Male) |
| 28:33 | Queue | Villager (Male) |
| 28:33 | Queue | Villager (Male) |
| 28:33 | Queue | Villager (Male) |
| 28:42 | Queue | Monaspa ×3 |
| 28:57 | Queue | Monaspa |
| 29:14 | Queue | Villager (Male) |
| 29:14 | Queue | Villager (Male) |
| 29:15 | Queue | Villager (Male) |
| 29:15 | Queue | Villager (Male) |
| 29:15 | Queue | Villager (Male) |
Build order — AcousticBook4
First 150 of 204 actions detected
| 0:46 | Build | Town Center |
| 0:52 | Build | House |
| 0:57 | Build | House |
| 3:17 | Queue | Villager (Male) |
| 3:17 | Queue | Villager (Male) |
| 3:17 | Queue | Villager (Male) |
| 3:17 | Queue | Villager (Male) |
| 3:54 | Research | Loom |
| 5:12 | Queue | Villager (Male) |
| 5:12 | Queue | Villager (Male) |
| 5:30 | Queue | Villager (Male) |
| 5:31 | Queue | Villager (Male) |
| 5:49 | Queue | Villager (Male) |
| 5:49 | Queue | Villager (Male) |
| 6:24 | Queue | Villager (Male) |
| 6:24 | Queue | Villager (Male) |
| 6:46 | Queue | Villager (Male) |
| 6:46 | Queue | Villager (Male) |
| 7:06 | Queue | Villager (Male) |
| 7:20 | Build | House |
| 7:21 | Build | House |
| 7:39 | Queue | Villager (Male) |
| 7:55 | Queue | Villager (Male) |
| 7:56 | Queue | Villager (Male) |
| 8:10 | Build | Mill |
| 8:16 | Queue | Villager (Male) |
| 8:53 | Queue | Villager (Male) |
| 9:10 | Queue | Villager (Male) |
| 9:40 | Build | Lumber Camp |
| 10:24 | Research | Feudal Age |
| 10:25 | Research | Feudal Age |
| 10:43 | Build | Mining Camp |
| 10:52 | Queue | Villager (Male) |
| 11:09 | Queue | Villager (Male) |
| 11:47 | Build | Barracks |
| 12:20 | Build | House |
| 12:34 | Age | Feudal Age |
| 12:35 | Research | Double-Bit Axe |
| 12:35 | Research | Double-Bit Axe |
| 12:42 | Queue | Villager (Male) |
| 13:07 | Build | Archery Range |
| 13:17 | Queue | Villager (Male) |
| 13:42 | Build | Archery Range |
| 13:46 | Queue | Villager (Male) |
| 13:54 | Build | House |
| 13:57 | Build | House |
| 13:59 | Queue | Villager (Male) |
| 14:01 | Queue | Archer |
| 14:01 | Queue | Archer |
| 14:09 | Build | House |
| 14:14 | Build | House |
| 14:17 | Queue | Villager (Male) |
| 14:22 | Queue | Archer |
| 14:50 | Build | Blacksmith |
| 14:53 | Queue | Villager (Male) |
| 14:54 | Queue | Archer |
| 14:55 | Queue | Archer |
| 14:55 | Queue | Archer |
| 15:03 | Build | House |
| 15:18 | Queue | Archer |
| 15:18 | Queue | Archer |
| 15:34 | Queue | Villager (Male) |
| 15:36 | Queue | Archer |
| 15:36 | Queue | Archer |
| 15:48 | Build | Palisade Wall |
| 15:59 | Build | Palisade Gate |
| 16:02 | Queue | Villager (Male) |
| 16:03 | Queue | Archer |
| 16:04 | Queue | Archer |
| 16:25 | Research | Fletching |
| 16:25 | Research | Fletching |
| 16:40 | Queue | Villager (Male) |
| 16:43 | Build | Farm |
| 16:43 | Build | Farm |
| 16:46 | Build | House |
| 16:49 | Build | Palisade Wall |
| 16:54 | Research | Forging |
| 16:58 | Queue | Villager (Male) |
| 17:00 | Queue | Archer |
| 17:00 | Queue | Archer |
| 17:15 | Build | Farm |
| 17:24 | Build | Farm |
| 17:26 | Queue | Villager (Male) |
| 17:29 | Queue | Archer |
| 17:29 | Queue | Archer |
| 17:33 | Build | Farm |
| 17:36 | Queue | Villager (Male) |
| 17:37 | Queue | Archer |
| 17:37 | Queue | Archer |
| 18:16 | Queue | Villager (Male) |
| 18:17 | Queue | Archer |
| 18:17 | Queue | Archer |
| 18:17 | Queue | Archer |
| 18:45 | Queue | Villager (Male) |
| 18:48 | Queue | Archer |
| 18:48 | Queue | Archer |
| 18:51 | Build | House |
| 19:12 | Queue | Villager (Male) |
| 19:14 | Queue | Archer |
| 19:14 | Queue | Archer |
| 19:14 | Queue | Archer |
| 19:21 | Build | Farm |
| 19:23 | Build | Farm |
| 19:25 | Build | Farm |
| 19:26 | Build | Farm |
| 19:28 | Build | Farm |
| 19:29 | Build | Farm |
| 19:31 | Build | Farm |
| 19:33 | Build | Farm |
| 19:34 | Queue | Villager (Male) |
| 19:36 | Queue | Archer |
| 19:36 | Queue | Archer |
| 19:44 | Queue | Villager (Male) |
| 20:12 | Build | Farm |
| 20:14 | Queue | Villager (Male) |
| 20:47 | Queue | Villager (Male) |
| 20:49 | Build | Farm |
| 20:51 | Build | Farm |
| 20:56 | Queue | Archer |
| 20:56 | Queue | Archer |
| 21:43 | Queue | Villager (Male) |
| 21:49 | Queue | Villager (Male) |
| 21:52 | Queue | Archer |
| 21:52 | Queue | Archer |
| 21:54 | Build | Farm |
| 21:56 | Build | Farm |
| 22:18 | Research | Castle Age |
| 22:18 | Research | Castle Age |
| 22:23 | Build | Archery Range |
| 22:30 | Build | Archery Range |
| 22:32 | Build | House |
| 22:36 | Build | House |
| 22:37 | Queue | Villager (Male) |
| 22:44 | Queue | Archer |
| 22:44 | Queue | Archer |
| 22:46 | Queue | Archer |
| 23:22 | Queue | Archer |
| 23:23 | Queue | Archer |
| 23:24 | Queue | Archer |
| 23:26 | Queue | Archer |
| 23:37 | Research | Padded Archer Armor |
| 23:38 | Research | Gold Mining |
| 23:39 | Research | Gold Mining |
| 23:40 | Research | Horse Collar |
| 23:41 | Research | Horse Collar |
| 24:02 | Build | House |
| 24:07 | Queue | Villager (Male) |
| 24:14 | Queue | Archer |
| 24:14 | Queue | Archer |
| 24:14 | Queue | Archer |
Match timeline
| 10:46 | TicketedZero13 · first_building Barracks |
| 11:47 | AcousticBook4 · first_building Barracks |
| 12:28 | TicketedZero13 · wall_segment Palisade Wall x2 |
| 12:34 | TicketedZero13 · wall_segment Palisade Wall x2 |
| 12:34 | AcousticBook4 · age_up feudal |
| 12:34 | Ux'RaulitoMD · first_building Barracks |
| 12:39 | TicketedZero13 · wall_segment Palisade Wall x1 |
| 12:44 | TicketedZero13 · wall_segment Palisade Wall x1 |
| 12:48 | TicketedZero13 · age_up feudal |
| 13:07 | AcousticBook4 · first_building Archery Range |
| 14:31 | Ux'RaulitoMD · age_up feudal |
| 14:53 | Ux'RaúlME · age_up feudal |
| 15:17 | Ux'RaulitoMD · first_building Archery Range |
| 15:48 | AcousticBook4 · wall_segment Palisade Wall x7 |
| 16:00 | Ux'RaúlME · first_market_sell 100 stone |
| 16:07 | Ux'RaúlME · first_building Barracks |
| 16:43 | TicketedZero13 · first_building Stable |
| 16:49 | AcousticBook4 · wall_segment Palisade Wall x13 |
| 17:05 | TicketedZero13 · wall_segment Palisade Wall x3 |
| 17:08 | TicketedZero13 · wall_segment Palisade Wall x4 |
| 17:19 | Ux'RaúlME · first_building Stable |
| 18:14 | TicketedZero13 · wall_segment Palisade Wall x1 |
| 18:48 | Ux'RaúlME · age_up castle |
| 18:50 | Ux'RaúlME · first_building Castle |
| 19:22 | TicketedZero13 · wall_segment Palisade Wall x9 |
| 19:25 | TicketedZero13 · wall_segment Palisade Wall x5 |
| 19:31 | Ux'RaúlME · first_market_buy 100 stone |
| 19:36 | TicketedZero13 · wall_segment Palisade Wall x2 |
| 19:42 | TicketedZero13 · wall_segment Palisade Wall x2 |
| 20:04 | TicketedZero13 · wall_segment Palisade Wall x1 |
| 21:44 | Ux'RaulitoMD · first_market_buy 100 food |
| 22:42 | TicketedZero13 · first_building Siege Workshop |
| 24:20 | TicketedZero13 · wall_segment Palisade Wall x6 |
| 24:58 | AcousticBook4 · age_up castle |
| 26:17 | TicketedZero13 · wall_segment Palisade Wall x6 |
| 26:29 | AcousticBook4 · first_building Siege Workshop |
| 27:07 | TicketedZero13 · age_up castle |
| 28:52 | TicketedZero13 · first_market_sell 100 wood |
| 29:42 | Ux'RaúlME · resign |
[ AI ANALYSIS · 1 CREDIT ]
What really happened in this match?
Wolo.gg analyzes every decision: build order, eco, micro, common mistakes by bracket. Personalized analysis on WhatsApp or Discord in 30 seconds.
Civ guide
Cumans
Perfil
TicketedZero13